| TOP OF THE 1ST |
|
Princeton Rays batting - Pitching for Cleveland (APP) Indians : RHP Sergei Stefanov
|
|
Pitching: RHP Sergei Stefanov
|
|
|
Batting: SHB Luis Verduzco
|
0-0: Ball 1-0: Called Strike 1-1: Swinging Strike 1-2: Foul Ball, location: 2F 1-2: Ball 2-2: Hit by Pitch
|
|
Batting: SHB Omar Cervantes
|
0-0: Ball Luis Verduzco steals 2nd base 1-0: Ball 2-0: DOUBLE (Line Drive, 9LM, EV 110.6 MPH) Luis Verduzco scores
|
|
Batting: LHB Dave Northam
|
0-0: Foul Ball, location: 2F 0-1: Foul Ball, location: 2F 0-2: Ball 1-2: Strikes out swinging
|
|
Batting: RHB Tim Dower
|
0-0: Called Strike 0-1: SINGLE (Line Drive, 9S, EV 90.0 MPH) Omar Cervantes to third
|
|
Batting: RHB Wan-ling Zhu
|
0-0: Called Strike 0-1: Ball 1-1: Ball 2-1: Ball Wild Pitch! Omar Cervantes scores Tim Dower to second 3-1: Swinging Strike 3-2: Base on Balls
|
|
Batting: RHB Mikey Sano
|
0-0: Swinging Strike 0-1: Grounds into double play, 4-6-3 (Groundball, 4D, EV 103.8 MPH)
|
| Top of the 1st over - 2 runs, 2 hits, 0 errors, 1 left on base; Princeton 2 - Cleveland (APP) 0 |
| BOTTOM OF THE 1ST |
|
Cleveland (APP) Indians batting - Pitching for Princeton Rays : RHP Robin Pick
|
|
Pitching: RHP Robin Pick
|
|
|
Batting: LHB Justin Eargle
|
0-0: Foul Ball, location: 2F 0-1: Ball 1-1: Called Strike 1-2: Strikes out swinging
|
|
Batting: SHB Jay Rook
|
0-0: Swinging Strike 0-1: Ball 1-1: Called Strike 1-2: Ground out 6-3 (Groundball, 4M, EV 85.6 MPH)
|
|
Batting: RHB Andy Lewis
|
0-0: Ball 1-0: Ball 2-0: Ball 3-0: Called Strike 3-1: Fly out, F4 (Popup, 34, EV 56.2 MPH)
|
| Bottom of the 1st over - 0 runs, 0 hits, 0 errors, 0 left on base; Princeton 2 - Cleveland (APP) 0 |
| TOP OF THE 2ND |
|
Princeton Rays batting - Pitching for Cleveland (APP) Indians : RHP Sergei Stefanov
|
|
Batting: RHB Dave Valdez
|
0-0: Called Strike 0-1: Ball 1-1: Fly out, F9 (Line Drive, 89S, EV 107.5 MPH)
|
|
Batting: RHB Bogumil Filipowski
|
0-0: Ball 1-0: Ball 2-0: Ball 3-0: Hit by Pitch
|
|
Batting: LHB Eduardo Lopez
|
0-0: Ball 1-0: Called Strike 1-1: Ball 2-1: Foul Ball, location: 2F 2-2: Ball 3-2: Foul Ball, location: 2F 3-2: Foul Ball, location: 2F 3-2: Foul Ball, location: 2F 3-2: Base on Balls Bogumil Filipowski to second
|
|
Batting: SHB Luis Verduzco
|
0-0: Swinging Strike 0-1: Fielders Choice at 2nd, 4-6 (Groundball, 4, EV 107.5 MPH) Bogumil Filipowski to third
|
|
Batting: SHB Omar Cervantes
|
0-0: Called Strike 0-1: Ball 1-1: Ball 2-1: Ball 3-1: Base on Balls Luis Verduzco to second
|
|
Batting: LHB Dave Northam
|
0-0: Called Strike 0-1: Ball 1-1: Ball 2-1: Ball 3-1: Base on Balls Bogumil Filipowski scores Luis Verduzco to third Omar Cervantes to second
|
|
Batting: RHB Tim Dower
|
0-0: Ball 1-0: Foul Ball, location: 2F 1-1: Ball Wild Pitch! Luis Verduzco scores Omar Cervantes to third Dave Northam to second 2-1: Foul Ball, location: 2F 2-2: Ball Wild Pitch! Omar Cervantes scores Dave Northam to third 3-2: Foul Ball, location: 2F 3-2: Strikes out swinging
|
| Top of the 2nd over - 3 runs, 0 hits, 0 errors, 1 left on base; Princeton 5 - Cleveland (APP) 0 |
| BOTTOM OF THE 2ND |
|
Cleveland (APP) Indians batting - Pitching for Princeton Rays : RHP Robin Pick
|
|
Batting: RHB Kevin Trull
|
0-0: Ball 1-0: Fly out, F9 (Flyball, 9D, EV 89.4 MPH)
|
|
Batting: LHB Justin Rankin
|
0-0: Fly out, F8 (Flyball, 8RS, EV 82.5 MPH)
|
|
Batting: RHB Makoto Narita
|
0-0: Ball 1-0: Foul Ball, location: 2F 1-1: Called Strike 1-2: Strikes out swinging
|
| Bottom of the 2nd over - 0 runs, 0 hits, 0 errors, 0 left on base; Princeton 5 - Cleveland (APP) 0 |
| TOP OF THE 3RD |
|
Princeton Rays batting - Pitching for Cleveland (APP) Indians : RHP Sergei Stefanov
|
|
Pitching: LHP Su-wu Pi
|
|
|
Batting: RHB Wan-ling Zhu
|
0-0: Called Strike 0-1: Foul Ball, location: 2F 0-2: Ball 1-2: Ground out 6-3 (Groundball, 56, EV 106.2 MPH)
|
|
Batting: RHB Mikey Sano
|
0-0: Ball 1-0: Called Strike 1-1: Swinging Strike 1-2: Foul Ball, location: 2F 1-2: Ball 2-2: Ball 3-2: Strikes out swinging
|
|
Batting: RHB Dave Valdez
|
0-0: Ball 1-0: Called Strike 1-1: Ball 2-1: Swinging Strike 2-2: Strikes out looking
|
| Top of the 3rd over - 0 runs, 0 hits, 0 errors, 0 left on base; Princeton 5 - Cleveland (APP) 0 |
| BOTTOM OF THE 3RD |
|
Cleveland (APP) Indians batting - Pitching for Princeton Rays : RHP Robin Pick
|
|
Batting: RHB Justin Teague
|
0-0: Called Strike 0-1: Foul Ball, location: 2F 0-2: Ball 1-2: Ball 2-2: Ball 3-2: SOLO HOME RUN (Flyball, 78XD, EV 105.0 MPH), Distance : 418 ft
|
|
Batting: LHB Mesfin Azagba
|
0-0: Ground out 5-3 (Groundball, 56, EV 108.8 MPH)
|
|
Batting: RHB Patrick Pinault
|
0-0: Swinging Strike 0-1: Ball 1-1: Foul Ball, location: 2F 1-2: Ground out 5-3 (Groundball, 5S, EV 84.4 MPH)
|
|
Batting: LHB Justin Eargle
|
0-0: Foul Ball, location: 2F 0-1: Foul Ball, location: 2F 0-2: Ball 1-2: Ball 2-2: Ball 3-2: Ground out 4-3 (Groundball, 4M, EV 85.6 MPH)
|
| Bottom of the 3rd over - 1 run, 1 hit, 0 errors, 0 left on base; Princeton 5 - Cleveland (APP) 1 |
| TOP OF THE 4TH |
|
Princeton Rays batting - Pitching for Cleveland (APP) Indians : LHP Su-wu Pi
|
|
DELAY
|
Rain delay of 41 minutes in the 4th inning.
|
|
Batting: RHB Bogumil Filipowski
|
0-0: Ball 1-0: Ball 2-0: Called Strike 2-1: Ball 3-1: Called Strike 3-2: Foul Ball, location: 2F 3-2: Fly out, F9 (Flyball, 9LS, EV 78.1 MPH)
|
|
Batting: LHB Eduardo Lopez
|
0-0: Ball 1-0: Fly out, F5 (Popup, 5F, EV 68.1 MPH)
|
|
Batting: SHB Luis Verduzco
|
0-0: Ball 1-0: Ball 2-0: Foul Ball, location: 2F 2-1: SINGLE (Groundball, 34S, EV 72.5 MPH) (infield hit)
|
|
Batting: SHB Omar Cervantes
|
0-0: Called Strike 0-1: Foul Ball, location: 2F 0-2: Ball 1-2: Strikes out swinging
|
| Top of the 4th over - 0 runs, 1 hit, 0 errors, 1 left on base; Princeton 5 - Cleveland (APP) 1 |
| BOTTOM OF THE 4TH |
|
Cleveland (APP) Indians batting - Pitching for Princeton Rays : RHP Robin Pick
|
|
Batting: SHB Jay Rook
|
0-0: Ball 1-0: Foul Ball, location: 2F 1-1: Ball 2-1: SOLO HOME RUN (Flyball, 9D, EV 106.9 MPH), Distance : 393 ft
|
|
Batting: RHB Andy Lewis
|
0-0: Called Strike 0-1: Ball 1-1: Foul Ball, location: 2F 1-2: Ball 2-2: Ball 3-2: Foul Ball, location: 2F 3-2: Base on Balls
|
|
Batting: RHB Kevin Trull
|
0-0: Ball Andy Lewis is caught stealing 2nd base 2-4 1-0: Ground out 6-3 (Groundball, 6, EV 80.0 MPH)
|
|
Batting: LHB Justin Rankin
|
0-0: Ball 1-0: Ball 2-0: Ground out 6-3 (Groundball, 6, EV 83.8 MPH)
|
| Bottom of the 4th over - 1 run, 1 hit, 0 errors, 0 left on base; Princeton 5 - Cleveland (APP) 2 |
| TOP OF THE 5TH |
|
Princeton Rays batting - Pitching for Cleveland (APP) Indians : LHP Su-wu Pi
|
|
Batting: LHB Dave Northam
|
0-0: Foul Ball, location: 2F 0-1: Swinging Strike 0-2: Ball 1-2: Ball 2-2: Foul Ball, location: 2F 2-2: Ball 3-2: Strikes out swinging
|
|
Batting: RHB Tim Dower
|
0-0: Foul Ball, location: 2F 0-1: Swinging Strike 0-2: Ball 1-2: Ground out U3 (Groundball, 3, EV 91.2 MPH)
|
|
Batting: RHB Wan-ling Zhu
|
0-0: Ball 1-0: Ball 2-0: Ball 3-0: Called Strike 3-1: Called Strike 3-2: Foul Ball, location: 2F 3-2: Reached via error on a dropped throw from 1B, E1 (Groundball, 34S, EV 90.0 MPH)
|
|
Batting: RHB Mikey Sano
|
0-0: Ball 1-0: Ball 2-0: Fly out, F9 (Line Drive, 9, EV 93.8 MPH)
|
| Top of the 5th over - 0 runs, 0 hits, 1 error, 1 left on base; Princeton 5 - Cleveland (APP) 2 |
| BOTTOM OF THE 5TH |
|
Cleveland (APP) Indians batting - Pitching for Princeton Rays : RHP Robin Pick
|
|
Batting: RHB Makoto Narita
|
0-0: Called Strike 0-1: Swinging Strike 0-2: Ball 1-2: Ball 2-2: Ball 3-2: Base on Balls
|
|
Batting: RHB Justin Teague
|
0-0: Ball 1-0: Ball 2-0: Ball 3-0: Base on Balls Makoto Narita to second
|
|
Batting: LHB Mesfin Azagba
|
0-0: Foul Ball, location: 2F 0-1: Swinging Strike 0-2: Ball 1-2: Strikes out swinging
|
|
Batting: RHB Patrick Pinault
|
0-0: Grounds into double play, 3-6-3 (Groundball, 34, EV 86.9 MPH)
|
| Bottom of the 5th over - 0 runs, 0 hits, 0 errors, 1 left on base; Princeton 5 - Cleveland (APP) 2 |
| TOP OF THE 6TH |
|
Princeton Rays batting - Pitching for Cleveland (APP) Indians : LHP Su-wu Pi
|
|
Batting: RHB Dave Valdez
|
0-0: Ground out 6-3 (Groundball, 6M, EV 76.9 MPH)
|
|
Batting: RHB Bogumil Filipowski
|
0-0: Called Strike 0-1: Foul Ball, location: 2F 0-2: Foul Ball, location: 2F 0-2: Strikes out swinging
|
|
Pinch Hitting: SHB Ray Luna
|
0-0: Ball 1-0: Ball 2-0: Foul Ball, location: 2F 2-1: Foul Ball, location: 2F 2-2: Ball 3-2: Fly out, F9 (Line Drive, 9S, EV 97.5 MPH)
|
| Top of the 6th over - 0 runs, 0 hits, 0 errors, 0 left on base; Princeton 5 - Cleveland (APP) 2 |
| BOTTOM OF THE 6TH |
|
Cleveland (APP) Indians batting - Pitching for Princeton Rays : RHP Robin Pick
|
|
Now in LF: Sean Boenig
|
|
|
Batting: LHB Justin Eargle
|
0-0: Called Strike 0-1: Foul Ball, location: 2F 0-2: Ball 1-2: Ground out 3-1 (Groundball, 34, EV 103.8 MPH)
|
|
Batting: SHB Jay Rook
|
0-0: Swinging Strike 0-1: Ball 1-1: Foul Ball, location: 2F 1-2: Ball 2-2: Ball 3-2: Base on Balls
|
|
Batting: RHB Andy Lewis
|
0-0: Ball Wild Pitch! Jay Rook to second 1-0: Ball 2-0: Called Strike 2-1: Swinging Strike 2-2: Foul Ball, location: 2F 2-2: Fly out, F3 (Line Drive, 3, EV 68.8 MPH)
|
|
Pitching: LHP John Sceviour
|
|
|
Batting: RHB Kevin Trull
|
0-0: Called Strike 0-1: Ground out 6-3 (Groundball, 56D, EV 95.0 MPH)
|
| Bottom of the 6th over - 0 runs, 0 hits, 0 errors, 1 left on base; Princeton 5 - Cleveland (APP) 2 |
| TOP OF THE 7TH |
|
Princeton Rays batting - Pitching for Cleveland (APP) Indians : LHP Su-wu Pi
|
|
Pitching: RHP Mario Garza
|
|
|
Batting: SHB Luis Verduzco
|
0-0: Ground out 4-3 (Groundball, 34, EV 81.9 MPH)
|
|
Batting: SHB Omar Cervantes
|
0-0: Called Strike 0-1: Ball 1-1: Foul Ball, location: 2F 1-2: Fly out, F9 (Flyball, 89S, EV 93.1 MPH)
|
|
Batting: LHB Dave Northam
|
0-0: Ball 1-0: Foul Ball, location: 2F 1-1: Ball 2-1: Foul Ball, location: 2F 2-2: SOLO HOME RUN (Flyball, 89XD, EV 108.1 MPH), Distance : 426 ft
|
|
Batting: RHB Tim Dower
|
0-0: Ball 1-0: Called Strike 1-1: Foul Ball, location: 2F 1-2: Foul Ball, location: 2F 1-2: Strikes out swinging
|
| Top of the 7th over - 1 run, 1 hit, 0 errors, 0 left on base; Princeton 6 - Cleveland (APP) 2 |
| BOTTOM OF THE 7TH |
|
Cleveland (APP) Indians batting - Pitching for Princeton Rays : LHP John Sceviour
|
|
Batting: LHB Justin Rankin
|
0-0: Ground out 4-3 (Groundball, 34D, EV 77.5 MPH)
|
|
Batting: RHB Makoto Narita
|
0-0: Ball 1-0: Ball 2-0: Ball 3-0: Called Strike 3-1: Swinging Strike 3-2: Foul Ball, location: 2F 3-2: Strikes out swinging
|
|
Batting: RHB Justin Teague
|
0-0: Ball 1-0: SINGLE (Groundball, 4M, EV 103.8 MPH) (infield hit)
|
|
Batting: LHB Mesfin Azagba
|
0-0: 2-RUN HOME RUN (Flyball, 7LD, EV 97.5 MPH), Distance : 355 ft
|
|
Batting: RHB Patrick Pinault
|
0-0: Fly out, F7 (Flyball, 7LSF, EV 86.9 MPH)
|
| Bottom of the 7th over - 2 runs, 2 hits, 0 errors, 0 left on base; Princeton 6 - Cleveland (APP) 4 |
| TOP OF THE 8TH |
|
Princeton Rays batting - Pitching for Cleveland (APP) Indians : RHP Mario Garza
|
|
Batting: RHB Wan-ling Zhu
|
0-0: Ground out 4-3 (Groundball, 4, EV 101.9 MPH)
|
|
Batting: RHB Mikey Sano
|
0-0: Foul Ball, location: 2F 0-1: Called Strike 0-2: Ball 1-2: Fly out, F8 (Flyball, 8LD, EV 84.4 MPH)
|
|
Batting: RHB Dave Valdez
|
0-0: Called Strike 0-1: Swinging Strike 0-2: Ball 1-2: Strikes out looking
|
| Top of the 8th over - 0 runs, 0 hits, 0 errors, 0 left on base; Princeton 6 - Cleveland (APP) 4 |
| BOTTOM OF THE 8TH |
|
Cleveland (APP) Indians batting - Pitching for Princeton Rays : LHP John Sceviour
|
|
Batting: LHB Justin Eargle
|
0-0: Ball 1-0: Foul Ball, location: 2F 1-1: Fly out, F7 (Flyball, 7, EV 95.6 MPH)
|
|
Batting: SHB Jay Rook
|
0-0: Ground out 6-3 (Groundball, 56, EV 86.2 MPH)
|
|
Batting: RHB Andy Lewis
|
0-0: Ground out 6-3 (Groundball, 6, EV 100.6 MPH)
|
| Bottom of the 8th over - 0 runs, 0 hits, 0 errors, 0 left on base; Princeton 6 - Cleveland (APP) 4 |
| TOP OF THE 9TH |
|
Princeton Rays batting - Pitching for Cleveland (APP) Indians : RHP Mario Garza
|
|
Batting: RHB Bogumil Filipowski
|
0-0: Ball 1-0: SINGLE (Flyball, 8RS, EV 97.5 MPH)
|
|
Batting: LHB Sean Boenig
|
0-0: Bunted foul 0-1: Bunt missed! 0-2: Ball 1-2: Ball 2-2: Foul Ball, location: 2F 2-2: Fielders Choice at 2nd, 4-6 (Groundball, 4, EV 78.1 MPH)
|
|
Batting: SHB Luis Verduzco
|
0-0: Foul Ball, location: 2F 0-1: Fly out, F8 (Flyball, 8RM, EV 88.8 MPH)
|
|
Batting: SHB Omar Cervantes
|
0-0: Called Strike Sean Boenig steals 2nd base 0-1: Ball 1-1: Foul Ball, location: 2F 1-2: Ball 2-2: Fly out, F8 (Flyball, 8LS, EV 96.2 MPH)
|
| Top of the 9th over - 0 runs, 1 hit, 0 errors, 1 left on base; Princeton 6 - Cleveland (APP) 4 |
| BOTTOM OF THE 9TH |
|
Cleveland (APP) Indians batting - Pitching for Princeton Rays : LHP John Sceviour
|
|
Pitching: RHP Matt Roberts
|
|
|
Batting: RHB Kevin Trull
|
0-0: Called Strike 0-1: Ball 1-1: Ball 2-1: Called Strike 2-2: Ball 3-2: Base on Balls
|
|
Batting: LHB Justin Rankin
|
0-0: Called Strike 0-1: Ball 1-1: Ball 2-1: Grounds into double play, 6-4-3 (Groundball, 6, EV 86.9 MPH)
|
|
Pinch Hitting: LHB Shane Montalvo
|
0-0: Ball 1-0: Ball 2-0: Called Strike 2-1: Foul Ball, location: 2F 2-2: Foul Ball, location: 2F 2-2: Ball 3-2: Ground out 4-3 (Groundball, 4S, EV 89.4 MPH)
|
| Bottom of the 9th over - 0 runs, 0 hits, 0 errors, 0 left on base; Princeton 6 - Cleveland (APP) 4 |
|